 Dungeon Crawl Stone Soup version 0.15-a0-2151-gce93697 (webtiles) character file.

320 PolkaDot the Chopper (level 6, -5/56 HPs)
             Began as a Hill Orc Fighter on July 19, 2014.
             Slain by Prince Ribbit (7 damage)
             ... on Level 4 of the Dungeon.
             The game lasted 00:10:42 (2734 turns).

PolkaDot the Chopper (Hill Orc Fighter)             Turns: 2734, Time: 00:10:43

HP  -5/56        AC 13     Str 24      XL: 6   Next: 46%
MP   6/6         EV  6     Int  8      God:
Gold 117         SH  0     Dex 12      Spells:  0 memorised,  5 levels left

rFire  + . .     SeeInvis .     a - +1 war axe
rCold  x . .     Clarity  +     s - +1 plate armour
rNeg   . . .     rCorr    .     (no shield)
rPois  .         rRot     .     (no helmet)
rElec  .         Spirit   .     (no cloak)
SustAb .         Warding  .     (no gloves)
rMut   .         Stasis   .     (no boots)
Gourm  .                        h - cursed amulet of inaccuracy
MR     .....                    y - ring of flight
                                m - ring of fire

@: mighty, lethally poisoned, not resistant to hostile enchantments, extremely
unstealthy
A: clarity, wild magic 2
a: Evoke Flight


You were on level 4 of the Dungeon.
You were not hungry.

You visited 1 branch of the dungeon, and saw 4 of its levels.

You collected 117 gold pieces.

Inventory:

Hand weapons
 a - a +1 war axe (weapon)
 b - a +0 hunting sling
Missiles
 q - 47 stones (quivered)
Armour
 s - a +1 plate armour (worn)
Comestibles
 d - 3 meat rations
 g - a rotting chunk of ball python flesh {@w1}
 k - 3 bread rations
 n - a slice of pizza
 o - 2 beef jerkies
 r - a chunk of worker ant flesh {@w1}
Scrolls
 c - 2 scrolls of teleportation
 l - a scroll of immolation {unknown}
 t - a scroll of fear {unknown}
 u - a scroll of enchant weapon
 x - a scroll of enchant armour
Jewellery
 h - a cursed amulet of inaccuracy (around neck)
 m - a ring of fire (left hand)
 y - a ring of flight (right hand)
Potions
 f - a potion of lignification
 i - a potion of brilliance


   Skills:
 + Level 5.3 Fighting
 * Level 6.3 Axes
 + Level 4.7 Armour
   Level 3.2 Shields


You had 5 spell levels left.
You didn't know any spells.

Dungeon Overview and Level Annotations

Branches:
Dungeon (4/15)
 Temple: D:4-7

Altars:
Okawaru

Annotations:
D:4 Prince Ribbit


Innate Abilities, Weirdness & Mutations

You possess an exceptional clarity of mind.
Your spells are harder to cast, but more powerful.


Message History

You feel sick. Prince Ribbit closely misses you.
Prince Ribbit barely misses you.
You closely miss Prince Ribbit.
Prince Ribbit is heavily wounded.
Prince Ribbit barely misses you. Prince Ribbit hits you.
* * * LOW HITPOINT WARNING * * *
You miss Prince Ribbit.
Prince Ribbit is heavily wounded.
* * * LOW HITPOINT WARNING * * *
You feel sick.
Prince Ribbit hits you but does no damage.
Prince Ribbit momentarily phases out as your attack passes through him.
Prince Ribbit is heavily wounded.
Prince Ribbit hits you but does no damage.
Prince Ribbit closely misses you.
You slash Prince Ribbit!
Prince Ribbit is almost dead.
Prince Ribbit croaks regally.
Prince Ribbit hits you!
You die...

#######..............
......................
#######.######.###### #.#
#....# # #.# #####.###
.### ####.### #......##
.....##......# #......##
#..)...'......###......##
#@F...............
#......###......##
#......# #........
.######.####........
.................>...
.........(..........
.####.#?###(..######
#...# ..# ##..# ## ..


You could see Prince Ribbit.

Vanquished Creatures
  The ghost of Liquorice the Bolt Thrower, an average CeHu (D:3)
  3 worker ants (D:4)
  3 adders (D:2)
  A worm (D:2)
  7 giant geckos
  An ooze (D:2)
  14 orcs (D:3)
  2 ball pythons
  11 bats
  4 giant cockroaches
  14 hobgoblins
  3 jackals (D:2)
  7 giant newts
  4 goblins
  9 kobolds
  2 quokkas (D:2)
  8 rats
94 creatures vanquished.

Vanquished Creatures (others)
  A rat (D:1)
1 creature vanquished.

Grand Total: 95 creatures vanquished

Notes
Turn   | Place    | Note
--------------------------------------------------------------
     0 | D:1      | PolkaDot, the Hill Orc Fighter, began the quest for the Orb.
     0 | D:1      | Reached XP level 1. HP: 19/19 MP: 1/1
   119 | D:1      | Reached XP level 2. HP: 13/27 MP: 2/2
   188 | D:1      | Reached skill level 4 in Fighting
   574 | D:1      | Reached XP level 3. HP: 33/33 MP: 3/3
  1078 | D:2      | Reached XP level 4. HP: 37/41 MP: 4/4
  1898 | D:3      | Found an iron altar of Okawaru.
  2169 | D:3      | Reached XP level 5. HP: 47/47 MP: 5/5
  2256 | D:3      | Noticed Liquorice's ghost (average CeHu)
  2287 | D:3      | Killed Liquorice's ghost
  2287 | D:3      | Reached skill level 5 in Fighting
  2287 | D:3      | Reached skill level 5 in Axes
  2287 | D:3      | Reached XP level 6. HP: 9/56 MP: 6/6
  2663 | D:4      | Reached skill level 6 in Axes
  2706 | D:4      | Noticed Prince Ribbit
  2709 | D:4      | Gained mutation: You possess an exceptional clarity of mind. [potion of mutation]
  2709 | D:4      | Gained mutation: Your spells are a little harder to cast, but a little more powerful. [potion of mutation]
  2709 | D:4      | Gained mutation: Your spells are harder to cast, but more powerful. [potion of mutation]
  2731 | D:4      | HP: 2/56 [Prince Ribbit (1)]
  2734 | D:4      | Slain by Prince Ribbit

Action                   |  1- 3 |  4- 6 || total
-------------------------+-------+-------++-------
Melee: War axe           |   127 |   308 ||   435
 Fire: Hunting sling     |       |     3 ||     3
  Use: Scroll            |     4 |     3 ||     7
       Potion            |       |     4 ||     4
  Eat: Chunk             |     1 |     6 ||     7
